 Dungeon Crawl Stone Soup version 0.20-a0-738-gb057e68 (webtiles) character file.

2 nono the Vexing (level 1, -1/9 HPs)
             Began as a Vine Stalker Arcane Marksman on Feb 23, 2017.
             Slain by a hobgoblin
             ... wielding a +0 club
              (3 damage)
             ... on level 1 of the Dungeon.
             The game lasted 00:00:37 (245 turns).

nono the Vexing (Vine Stalker Arcane Marksman)       Turns: 245, Time: 00:00:38

Health: -1/9       AC:  2    Str: 12    XL:     1   Next: 40%
Magic:  0/3        EV: 12    Int: 13    God:
Gold:   7          SH:  0    Dex: 14    Spells: 1/2 levels left

rFire    . . .     SeeInvis .   e - +0 dagger
rCold    . . .     Gourm    .   a - +0 robe
rNeg     . . .     Faith    .   (no shield)
rPois    .         Spirit   +   (no helmet)
rElec    .         Reflect  .   (no cloak)
rCorr    .         Harm     .   (no gloves)
MR       .....                  (no boots)
Stlth    ++........             (no amulet)
Regen    0.1/turn               (no ring)
MPRegen  0.1/turn               (no ring)

@: no status effects
A: fangs 2, magic shield, antimagic bite, no potion heal 3, rot immunity
a: no special abilities


You were on level 1 of the Dungeon.
You were not hungry.

You visited 1 branch of the dungeon, and saw 1 of its levels.

You collected 7 gold pieces.

Inventory:

Hand Weapons
 e - a +0 dagger (weapon)
Missiles
 c - 3 javelins (quivered)
 d - 2 throwing nets
 g - 2 needles of frenzy
Armour
 a - a +0 robe (worn)
Books
 b - a book of Debilitation

   Spells                             Type                      Level
   a - Corona                         Hexes                        1
   b - Slow                           Hexes                        2
   c - Inner Flame                    Hexes/Fire                   3
   d - Portal Projectile              Hexes/Translocation          3
   e - Cause Fear                     Hexes                        4
   f - Leda's Liquefaction            Hexes/Earth                  4
Comestibles
 f - a bread ration


   Skills:
 - Level 0.8 Fighting
 - Level 1.7 Throwing
 - Level 1.5 Dodging
 + Level 1.1 Stealth
 - Level 1.1 Spellcasting
 - Level 3.0 Hexes


You had one spell level left.
You knew the following spells:

 Your Spells              Type           Power        Failure   Level  Hunger
a - Corona                Hex            #......      10%         1    ##.....


Dungeon Overview and Level Annotations

Branches:
Dungeon (1/15)

Altars:


Innate Abilities, Weirdness & Mutations

You have extremely sharp teeth.
When hurt, damage is shared between your health and your magic reserves.
Your bite disrupts and absorbs the magic of your enemies.
Potions cannot restore your health.
You are immune to rotting.


Message History

Your Stealth skill increases to level 1!
The hobgoblin completely misses you.
You barely miss the hobgoblin. Your bite misses the hobgoblin.
The hobgoblin hits you with a club.
Throwing (i - inventory. (,) - cycle):
c - 5 javelins (quivered)
Press: ? - help, Shift-Dir - straight line, f - hobgoblin
Aim: a hobgoblin, wielding a club You throw a javelin.
The javelin hits the hobgoblin.
The hobgoblin is lightly wounded.
The hobgoblin hits you with a club.
* * * LOW HITPOINT WARNING * * *
Throwing (i - inventory. (,) - cycle):
c - 4 javelins (quivered)
Press: ? - help, Shift-Dir - straight line, f/p - hobgoblin
Aim: a hobgoblin, wielding a club (lightly wounded)
You throw a javelin.
The javelin barely misses the hobgoblin.
The javelin hits the frilled lizard!
You kill the frilled lizard!
The hobgoblin hits you with a club.
You die...

#..##......###.#.... #..#...#
###...!......#.....#.###.......
#..)###.....l..........#.......
.............##).##### #..#...#
...!.........##.## #.....§.
.....>.......#r.# ....≈§§.
.......(.....#(## ..#.8§#
.............#g# .......
...........###@############+#+#
........................'.'.#.+
.#........##.##############†#.#
...........#.# #.#.#
...........#.# ########....
.............. ............
.............# ############
........... ####


You could see a hobgoblin and a rat.

Vanquished Creatures
  A goblin (D:1)
  A frilled lizard (D:1)
  A kobold (D:1)
3 creatures vanquished.

Notes
Turn   | Place    | Note
-------+----------+-------------------------------------------
     0 | D:1      | nono the Vine Stalker Arcane Marksman began the quest for the Orb.
     0 | D:1      | Reached XP level 1. HP: 9/9 MP: 3/3
   238 | D:1      | Reached skill level 1 in Stealth
   245 | D:1      | Slain by a hobgoblin

Vault maps used:
D:1:      shiori_arrival_oz, nicolae_ashenzari_panopticon

Skill      XL: |  1 |
---------------+----+-----
Stealth        | 1 |  1.1
Fighting       | |  0.8
Throwing       | |  1.7
Dodging        | |  1.5
Spellcasting   | |  1.1
Hexes          | |  3.0

Action                   || total
-------------------------++-------
Melee: Dagger            ||     7
       Unarmed           ||     4
       Bite              ||     2
Throw: Javelin           ||     5
Armor: Robe              ||     1
Dodge: Dodged            ||    11
